 Dungeon Sprint DCSS version 0.27.0-66-gdc8fb28755 (webtiles) character file.

Game seed: 15801533987873076158

4400 ABBCCCDDDD the Grappler (level 10, -9/166 HPs)
             Began as a Troll Fighter on Aug 19, 2021.
             Was the Champion of Trog.
             Killed from afar by a deep elf zephyrmancer (16 damage)
             ... with a bolt of lightning
             ... in the Dungeon (Sprint III: "The Ten Rune Challenge").
             The game lasted 00:03:28 (743 turns).

ABBCCCDDDD the Grappler (Troll Fighter)              Turns: 743, Time: 00:03:28

Health: -9/166     AC:  5    Str: 29    XL:     10   Next: 13%
Magic:  9/9        EV: 13    Int:  4    God:    Trog [******]
Gold:   1666       SH: 12    Dex: 11    Spells: 9/9 levels left

rFire    . . .     SeeInvis .     - Unarmed
rCold    . . .     Faith    .   b - +0 kite shield
rNeg     . . .     Spirit   .   a - +0 robe
rPois    .         Reflect  .   (helmet restricted)
rElec    .         Harm     .   k - +0 cloak
rCorr    .         Rampage  .   (gloves unavailable)
Will     .....     NoTele   +   (boots unavailable)
Stlth    ..........             (no amulet)
HPRegen  1.37/turn              (no ring)
MPRegen  0.11/turn              (no ring)

@: berserking (expiring), very quick
A: large, unfitting armour, claws 3, regeneration 1, shaggy fur 1, tough skin 1,
beak, thin skeletal structure 1, MP-powered wands
a: Renounce Religion, Berserk, Trog's Hand, Brothers in Arms


You were in the Dungeon.
You worshipped Trog.
Trog was exalted by your worship.
You visited 1 branch You collected 1666 gold pieces.

Inventory:

Armour
 a - a +0 robe (worn)
 b - a +0 kite shield (worn)
 k - a +0 cloak (worn)
Wands
 j - a wand of flame (27)
Scrolls
 i - a scroll of blinking
 l - a scroll of torment {unknown}
 m - 3 scrolls of identify
 p - a scroll of holy word {unknown}
Potions
 c - 2 potions of might
 d - a potion of curing
 e - 3 potions of heal wounds
 f - 3 potions of haste
 g - 2 potions of magic
 n - 2 potions of flight
 o - 5 potions of mutation


   Skills:
 + Level 10.5 Fighting
 + Level 10.5 Dodging
 + Level 10.5 Shields
 + Level 12.1 Unarmed Combat


You had 9 spell levels left.
You didn't know any spells.
Your spell library was empty.

Dungeon Overview and Level Annotations

Branches:
Dungeon (1/1)

Altars:
Cheibriados
Dithmenos
Elyvilon
Fedhas
Gozag
Hepliaklqana
Kikubaaqudgha
Makhleb
Nemelex Xobeh
Okawaru
Qazlal
Ru
Sif Muna
Trog
Uskayaw
Vehumet
Wu Jian
Xom
Yredelemnul
Zin
The Shining One
Beogh
Jiyva
Lugonu

Shops:
D [


Innate Abilities, Weirdness & Mutations

You are too large for most types of armour.
You have claws for hands.
Your natural rate of healing is unusually fast.
You are covered in fur. (AC +1)
You have tough skin. (AC +1)
You have a beak for a mouth.
You have a somewhat thin skeletal structure. (Dex +2, Stealth+)
You expend magic power (3 MP) to strengthen your wands.


Message History

You are too injured to fight recklessly!
You claw the deep elf pyromancer!
You kill the deep elf pyromancer!
Trog accepts your kill.
Trog appreciates your killing of a magic user.
The fire elemental disappears in a puff of smoke!
You block something's attack.
You have reached level 10!
You mangle the deep elf zephyrmancer!!
The deep elf zephyrmancer is almost dead.
You barely miss the deep elf zephyrmancer.
You peck the deep elf zephyrmancer.
You feel the power of Trog in you as your rage grows.
You kill the deep elf zephyrmancer!
Trog accepts your kill.
Trog appreciates your killing of a magic user.
Trog grants you a weapon! Something appears at your feet!
You see here a +3 broad axe.
Something hits you!!
* * * LOW HITPOINT WARNING * * *
A deep elf annihilator comes into view.
Your Unarmed Combat skill increases to level 12!
You completely miss something.
The deep elf annihilator shouts!
Your peck misses something. You completely miss something.
Your peck misses something.
You hear some strange, mumbled words.
A lance of force appears from out of thin air!
The lance of force hits you!!
* * * LOW HITPOINT WARNING * * *
You are knocked back by the lance of force.
You slam into the stone wall!
* * * LOW HITPOINT WARNING * * *
The deep elf annihilator mumbles some strange words.
The deep elf annihilator blinks!
The deep elf zephyrmancer gestures at you while chanting.
The bolt of lightning hits something!!!
Reactivating autopickup.
You feel a bit more experienced. The bolt of lightning hits you!
You die...

▓▓▓▓▓▓▓ ######
#..#..#######
#__#.#####.#..'.#...# §
#._#.).......##.#...##≈≈
#)##.........##.#e.°≈≈≈.
...#.)......###.#)..##≈
...#.##.##∩## #.@e..#
##'#.#.##### #######
...#)#####################
...#)§≈≈≈'.#.'...+.#.#.#.+
...#)#≈§§#.#.#.).##.#.#.#
..)).#§§§#.#.#)).#.#.#.#
...#.#§§§#...#...##.#.#
▓▓▓▓▓▓▓▓▓▓▓▓▓▓▓▓▓#.#.#.#
##.# #.#


You could see a deep elf pyromancer and a deep elf zephyrmancer.

Levels and vault maps discovered:
D:        dungeon_sprint_mu [sprint_mu_entry_forest, sprint_mu_temple_rooms,
          sprint_mu_d1_horrors, sprint_mu_d2_genie, sprint_mu_d3_branching,
          sprint_mu_orc_legion, sprint_mu_elf_gauntlet, sprint_mu_hive_nellie,
          sprint_mu_lair_fedhas, sprint_mu_vaults_butterflies,
          sprint_mu_slime_circle, sprint_mu_swamp_cave, sprint_mu_shoals_kraken,
          sprint_mu_blade_basic, sprint_mu_crypt_fortress,
          sprint_mu_tomb_spiral, sprint_mu_vestibule_basic,
          sprint_mu_gehenna_hellfire, sprint_mu_dis_giant,
          sprint_mu_tartarus_statrot, sprint_mu_cocytus_islands, sprint_mu_zot1]

Notes
Turn   | Place    | Note
-------+----------+-------------------------------------------
     0 | D        | ABBCCCDDDD the Troll Fighter began the quest for the Orb.
     0 | D        | Reached XP level 1. HP: 22/22 MP: 0/0
    65 | D        | Reached skill level 3 in Unarmed Combat
    65 | D        | Reached XP level 2. HP: 26/31 MP: 1/1
    71 | D        | Noticed Crazy Yiuf
    78 | D        | Killed Crazy Yiuf
    79 | D        | Reached XP level 3. HP: 24/39 MP: 2/2
   112 | D        | Gained mutation: You have a somewhat thin skeletal
                  | structure. (Dex +2, Stealth+) [potion of mutation]
   112 | D        | Gained mutation: You expend magic power (3 MP) to
                  | strengthen your wands. [potion of mutation]
   112 | D        | Gained mutation: You have a beak for a mouth. [potion of
                  | mutation]
   125 | D        | Noticed a water elemental
   131 | D        | Killed a water elemental
   132 | D        | Reached skill level 4 in Unarmed Combat
   132 | D        | Reached XP level 4. HP: 39/49 MP: 3/3
   145 | D        | Found a hide-covered altar of Uskayaw.
   145 | D        | Found an iron altar of Okawaru.
   145 | D        | Found a bloodstained altar of Trog.
   145 | D        | Found an ornate altar of the Wu Jian Council.
   145 | D        | Noticed a human
   147 | D        | Noticed a human
   150 | D        | Killed a human
   151 | D        | Reached skill level 5 in Fighting
   151 | D        | Reached skill level 5 in Dodging
   151 | D        | Reached skill level 5 in Shields
   151 | D        | Reached skill level 6 in Unarmed Combat
   151 | D        | Reached XP level 5. HP: 58/58 MP: 4/4
   157 | D        | Killed a human
   158 | D        | Reached skill level 7 in Unarmed Combat
   158 | D        | Reached XP level 6. HP: 58/68 MP: 5/5
   239 | D        | Became a worshipper of Trog the Wrathful
   247 | D        | Noticed a shadow
   251 | D        | Killed a shadow
   252 | D        | Reached XP level 7. HP: 67/76 MP: 6/6
   264 | D        | Found a blossoming altar of Fedhas.
   264 | D        | Found a stormy altar of Qazlal.
   264 | D        | Noticed a spatial vortex
   265 | D        | Found a snail-covered altar of Cheibriados.
   265 | D        | Found a burning altar of Makhleb.
   265 | D        | Found a hazy altar of Hepliaklqana.
   265 | D        | Found a shimmering altar of Xom.
   265 | D        | Found an opulent altar of Gozag.
   265 | D        | Found a sparkling altar of Nemelex Xobeh.
   265 | D        | Found a corrupted altar of Lugonu.
   265 | D        | Found a viscous altar of Jiyva.
   280 | D        | Killed a spatial vortex
   280 | D        | Reached * piety under Trog
   281 | D        | Reached skill level 8 in Unarmed Combat
   289 | D        | Found a basalt altar of Yredelemnul.
   289 | D        | Found a shadowy altar of Dithmenos.
   289 | D        | Found a sacrificial altar of Ru.
   294 | D        | Reached ** piety under Trog
   339 | D        | Found a radiant altar of Vehumet.
   341 | D        | Found a shimmering blue altar of Sif Muna.
   341 | D        | Found an ancient bone altar of Kikubaaqudgha.
   342 | D        | Noticed a red devil
   399 | D        | Found a glowing silver altar of Zin.
   399 | D        | Found a glowing golden altar of the Shining One.
   399 | D        | Found a white marble altar of Elyvilon.
   401 | D        | Noticed a deep elf pyromancer
   405 | D        | Killed a deep elf pyromancer
   405 | D        | Reached *** piety under Trog
   406 | D        | Reached skill level 9 in Unarmed Combat
   406 | D        | Reached XP level 8. HP: 79/88 MP: 7/7
   444 | D        | Noticed Josephine
   452 | D        | Killed Josephine
   453 | D        | Reached skill level 10 in Unarmed Combat
   453 | D        | Reached XP level 9. HP: 16/98 MP: 8/8
   531 | D        | Reached **** piety under Trog
   537 | D        | Noticed a centaur warrior
   543 | D        | Killed a centaur warrior
   544 | D        | Reached skill level 11 in Unarmed Combat
   635 | D        | Reached ***** piety under Trog
   645 | D        | Received a gift from Trog
   660 | D        | Noticed an orc sorcerer
   687 | D        | Killed an orc sorcerer
   688 | D        | Reached skill level 10 in Fighting
   688 | D        | Reached skill level 10 in Dodging
   688 | D        | Reached skill level 10 in Shields
   688 | D        | Received a gift from Trog
   695 | D        | Found Uqiuwoed's Antique Armour Emporium.
   723 | D        | Noticed a deep elf pyromancer
   723 | D        | Noticed a deep elf pyromancer
   723 | D        | Noticed a deep elf zephyrmancer
   723 | D        | Noticed a deep elf zephyrmancer
   723 | D        | Noticed a deep elf knight
   734 | D        | Noticed a deep elf demonologist
   739 | D        | Killed a deep elf pyromancer
   739 | D        | Reached ****** piety under Trog
   740 | D        | Reached XP level 10. HP: 60/111 MP: 9/9
   741 | D        | Killed a deep elf zephyrmancer
   741 | D        | Received a gift from Trog
   741 | D        | Noticed a deep elf annihilator
   742 | D        | Reached skill level 12 in Unarmed Combat
   743 | D        | HP: 7/166 [something (18)]
   743 | D        | Killed a deep elf knight
   743 | D        | Killed from afar by a deep elf zephyrmancer

Table legend: (Time is in decaauts)
 A = Elapsed time spent in this place.
 B = Non-inter-level travel time spent in this place.
 C = Inter-level travel time spent in this place.
 D = Time resting spent in this place.
 E = Time spent auto-exploring this place.
 F = Levels seen in this place.
 G = Mean time per level.
                   A        B        C        D        E       F      G
               +--------+--------+--------+--------+--------+-----+--------+
         Total |    772 |    772 |      0 |    353 |     21 |   1 |  772.0 |
       Dungeon |    772 |    772 |      0 |    353 |     21 |   1 |  772.0 |
               +--------+--------+--------+--------+--------+-----+--------+

Top non-repeatable levels by time:
       D: 772 daAuts

Table legend:
 A = Kills in this place as a percentage of kills in entire the game.
 B = Kills by you in this place as a percentage of kills by you in the entire game.
 C = Kills by friends in this place as a percentage of kills by friends in the entire game.
 D = Other kills in this place as a percentage of other kills in the entire game.
 E = Experience gained in this place as a percentage of experience gained in the entire game.
 F = Experience gained in this place divided by the number of levels of this place that you have seen.
                   A       B       C       D       E      F
               +-------+-------+-------+-------+-------+----------------------
         Total | 100.0 | 100.0 |   N/A | 100.0 | 100.0 | 6716.0
       Dungeon | 100.0 | 100.0 |   N/A | 100.0 | 100.0 | 6716.0
               +-------+-------+-------+-------+-------+----------------------

Action                   |  1- 3 |  4- 6 |  7- 9 | 10-12 || total
-------------------------+-------+-------+-------+-------++-------
Melee: Unarmed           |    38 |    13 |    80 |     4 ||   135
       Peck              |     1 |     3 |    15 |     1 ||    20
Invok: Berserk           |       |       |     5 |       ||     5
  Use: Potion            |     1 |     1 |       |       ||     2
 Stab: Sleeping          |       |       |     2 |       ||     2
       Distracted        |       |       |     1 |       ||     1
Armor: Robe              |     7 |       |     7 |       ||    14
Dodge: Dodged            |     9 |     2 |    18 |       ||    29
Block: Kite shield       |    13 |     3 |    27 |       ||    43

Vanquished Creatures
  Josephine (D)
  A centaur warrior (D)
  2 deep elf pyromancers (D)
  A deep elf zephyrmancer (D)
  An orc sorcerer (D)
  A shadow (D)
  A spatial vortex (D)
  2 orc warriors (D)
  A necrophage (D)
  2 centaurs (D)
  An earth elemental (D)
  A water elemental (D)
  A jelly (D)
  An orc priest (D)
  Crazy Yiuf (D)
  A wizard (D)
  A necromancer (D)
  2 orc wizards (D)
  3 humans (D)
  A kobold demonologist (D)
  12 orcs (D)
  4 rats (D)
42 creatures vanquished.

Vanquished Creatures (others)
  A deep elf knight (D)
1 creature vanquished.

Grand Total: 43 creatures vanquished
